 Dungeon Crawl Stone Soup version 0.28-a0-620-g539b0f7ac7 (webtiles) character file.

Game seed: 15883054390882181728

20397 jasper the Carver (level 12, -2/95 HPs)
             Began as a Demonspawn Artificer on Oct 7, 2021.
             Was a High Priest of Okawaru.
             Slain by an earth elemental (30 damage)
             ... in a volcano.
             The game lasted 00:20:06 (14366 turns).

jasper the Carver (Demonspawn Artificer)           Turns: 14366, Time: 00:20:06

Health: -2/95      AC: 18    Str: 13    XL:     12   Next: 45%
Magic:  17/17      EV: 16    Int: 13    God:    Okawaru [*****.]
Gold:   23         SH:  0    Dex: 35    Spells: 11/11 levels left

rFire   + + +      SeeInvis +   M - +2 great sword (vamp)
rCold   + . .      Faith    .   (shield currently unavailable)
rNeg    . . .      Spirit   .   T - +2 scale mail "Imytrost" {rPois Dex+2}
rPois   +          Reflect  .   q - +0 helmet
rElec   .          Harm     .   u - +1 cloak
rCorr   .          Rampage  .   W - +2 pair of gloves of Somewhere Else {Dex+9}
Will    .....                   (no boots)
Stlth   +++.......              (no amulet)
HPRegen 0.25/turn               y - ring of Doubts {*Slow rF+++ Dex+6 SInv Stlth+}
MPRegen 0.15/turn               K - ring of protection from cold

@: no status effects
A: hooves 2, rugged brown scales 2, spiny 3
a: Renounce Religion, Heroism, Finesse, Duel


You were in a volcano.
You worshipped Okawaru.
Okawaru was extremely pleased with you.
You visited 3 branches of the dungeon, and saw 16 of its levels.
You also visited: Volcano.

You collected 905 gold pieces.
You spent 882 gold pieces at shops.

Inventory:

Hand Weapons
 a - a +0 club
 j - a +0 rapier
 p - a +0 falchion
 r - a +0 scimitar of pain
 E - a +0 scimitar
 M - a +2 vampiric great sword (weapon)
 N - a +0 whip
 O - a +2 scimitar
 U - a +5 double sword
Missiles
 g - 253 arrows
 m - 374 stones (quivered)
 n - 3 boomerangs of dispersal
 o - 97 bolts
 Y - 2 curare-tipped darts
Armour
 q - a +0 helmet (worn)
 u - a +1 cloak (worn)
 T - the +2 scale mail "Imytrost" (worn) {rPois Dex+2}
   (Okawaru gifted it to you on level 9 of the Dungeon)

   Dex:       It affects your dexterity (+2).
   rPois:     It protects you from poison.
 W - the +2 pair of gloves of Somewhere Else (worn) {Dex+9}
   (Okawaru gifted it to you on level 1 of the Lair of Beasts)

   Dex:       It affects your dexterity (+9).
Jewellery
 c - a ring of magical power
 s - a +6 ring of strength
 y - the ring of Doubts (left hand) {*Slow rF+++ Dex+6 SInv Stlth+}
   (You bought it in a shop on level 5 of the Dungeon)

   [ring of see invisible]

   Dex:       It affects your dexterity (+6).
   rF:        It renders you almost immune to fire.
   SInv:      It lets you see invisible.
   *Slow:     It may slow you when you take damage.
   Stlth:     It makes you more stealthy.
 J - a ring of see invisible
 K - a ring of protection from cold (right hand)
 S - a ring of poison resistance
Wands
 d - a wand of charming (15)
 R - a wand of paralysis (4)
 V - a wand of digging (3)
 Z - a wand of polymorph (17)
Scrolls
 b - a scroll of enchant armour
 w - 2 scrolls of magic mapping
 B - 2 scrolls of teleportation
 C - 2 scrolls of fear
 P - 3 scrolls of amnesia
 X - a scroll of blinking
Potions
 f - a potion of degeneration
 h - a potion of brilliance
 i - a potion of invisibility
 k - 3 potions of might
 l - 6 potions of haste
 t - 6 potions of curing
 x - 2 potions of ambrosia
 z - a potion of magic
 A - a potion of berserk rage {unknown}
 D - a potion of resistance {unknown}
 F - 2 potions of mutation {unknown}
 G - 3 potions of lignification
 H - 2 potions of flight {unknown}
 I - a potion of attraction {unknown}
 Q - a potion of heal wounds {unknown}
Miscellaneous
 e - a piece from Xom's chessboard (14/15)


   Skills:
 + Level 7.4 Fighting
 * Level 12.4 Long Blades
 + Level 7.1 Armour
 + Level 6.9 Dodging
 - Level 0.8 Stealth
 + Level 7.5 Invocations
 + Level 8.1 Evocations


You had 11 spell levels left.
You didn't know any spells.
Your spell library contained the following spells:

 Spells                   Type           Power      Damage    Failure   Level
 Foxfire                  Conj/Fire      0%         2x1d4     75%         1
 Static Discharge         Conj/Air       0%         N/A       87%         2
 Conjure Flame            Conj/Fire      0%         6-21      98%         3
 Ignite Poison            Fire/Tmut/Pois 0%         N/A       98%         3
 Inner Flame              Hex/Fire       0%         N/A       98%         3
 Dispel Undead            Necr           0%         3d6       100%        4
 Flame Wave               Conj/Fire      0%         3d3       100%        4
 Sticky Flame             Conj/Fire      0%         2d3       100%        4


Dungeon Overview and Level Annotations

Branches:
Dungeon (12/15)            Temple (1/1) D:4            Lair (3/6) D:9
Volcano (1/1)
  Swamp: Lair:2-4    Shoals: Lair:2-4     Snake: Lair:2-4    Spider: Lair:2-4
    Orc: D:9-12

Altars:
Ashenzari
Cheibriados
Dithmenos
Elyvilon
Fedhas
Gozag
Hepliaklqana
Kikubaaqudgha
Makhleb
Nemelex Xobeh
Okawaru
Qazlal
Ru
Sif Muna
Trog
Uskayaw
Vehumet
Wu Jian
Xom
Yredelemnul
Zin
The Shining One

Shops:
D:1 =   D:2 [   D:4 *   D:5 ==?   D:7 *   D:11 *!:[

Annotations:
D:4 3 runed translucent doors, ytrimaz's ghost, amateur DESu
D:6 2 runed translucent doors, siradein's ghost, novice MfTm
D:11 2 transporters, Atlas's ghost, journeyman DgEE
D:12 Frances


Innate Abilities, Weirdness & Mutations

You have hoof-like feet.
You are mostly covered in rugged brown scales. (AC +2, +5% HP)
You are completely covered in sharp spines.


Message History

The molten gargoyle is heavily damaged.
The molten gargoyle hits you but does no damage.
You hit the molten gargoyle but do no damage.
You kick the molten gargoyle, but do no damage.
The molten gargoyle is moderately damaged.
The molten gargoyle hits you but does no damage.
The lindwurm breathes flames at you.
The blast of flame hits the molten gargoyle.
The molten gargoyle completely resists.
The blast of flame hits you. You resist.
You take 6 damage, and have 52/95 hp.
You slice the molten gargoyle!!
You destroy the molten gargoyle!
Okawaru accepts your kill.
You see here a +0 mace.
Why would you want to do that? Why would you want to do that?
Why would you want to do that? The lindwurm breathes flames at you.
The blast of flame hits you. You resist.
You take 2 damage, and have 52/95 hp.
You slash the earth elemental!
You kick the earth elemental, but do no damage.
The earth elemental is moderately damaged.
The lindwurm breathes flames at you. The blast of flame hits you! You resist.
The lindwurm breathes flames at you. The blast of flame misses you.
The earth elemental hits you!!
* * * LOW HITPOINT WARNING * * *
You take 25 damage, and have 27/95 hp.
MASSIVE DAMAGE!!
Why would you want to do that?
You hit the earth elemental but do no damage.
You kick the earth elemental, but do no damage.
The earth elemental is moderately damaged.
You barely miss the earth elemental.
You kick the earth elemental, but do no damage.
The earth elemental is moderately damaged.
The earth elemental is struck by your spines.
The earth elemental hits you!!
You die...

####+
##...##
###...≈≈#
##.E.≈≈≈≈#
##.@≈≈≈≈k≈#
#...≈≈≈k≈##
###...≈≈≈##
###....≈#
###.)##
###'# ##.#
##.##v.##
##.##≈≈..##


You could see 2 lindwurms and an earth elemental.

Vanquished Creatures
  6 two-headed ogres
  Urug (D:11)
  Sonja (Lair:1)
  Nergalle (Lair:1)
  Pikel (D:4)
  Joseph (D:8)
  A black mamba (Lair:1)
  2 centaur zombies (D:11)
  A molten gargoyle (Volcano)
  3 cane toads
  An unseen horror (D:11)
  4 red devils (D:12)
  3 komodo dragons
  A troll (D:10)
  A meliai zombie (D:10)
  Sigmund (D:5)
  2 wyverns
  26 yaks
  A basilisk (Lair:1)
  4 vampire mosquitoes (D:10)
  8 water moccasins
  5 orc warriors
  2 black bears (D:9)
  2 ice beasts
  A sky beast (D:6)
  2 ogres
  A centaur (D:9)
  A lemure (D:4)
  8 bullfrogs
  4 scorpions
  2 earth elementals (Volcano)
  A wyvern skeleton (D:6)
  12 killer bees
  2 water moccasin skeletons (D:5)
  15 wights
  4 howler monkeys
  An electric eel (D:10)
  A lava snake (D:7)
  2 bullfrog zombies (D:5)
  13 orc priests
  A bullfrog skeleton (D:5)
  A jelly (D:4)
  An iron imp (D:5)
  Ijyb (D:5)
  3 iguanas
  7 orc wizards
  A hound skeleton (D:5)
  9 adders
  2 ufetubi
  An adder skeleton (D:4)
  A dart slug (D:5)
  30 orcs
  2 bats
  5 endoplasms
  5 giant cockroaches
  5 hobgoblins
  4 jackals (D:3)
  2 quokkas
  3 ball pythons
  2 frilled lizards
  5 goblins
  3 kobolds (D:3)
  4 rats
247 creatures vanquished.

Vanquished Creatures (others)
  15 fungi (D:9)
  17 plants
32 creatures vanquished.

Grand Total: 279 creatures vanquished

Notes
Turn   | Place    | Note
-------+----------+-------------------------------------------
     0 | D:1      | jasper the Demonspawn Artificer began the quest for the
                  | Orb.
     0 | D:1      | Reached XP level 1. HP: 15/15 MP: 1/1
    58 | D:1      | Reached skill level 1 in Dodging
   205 | D:1      | Found Alulite's Jewellery Boutique.
   417 | D:1      | Gained mutation: You have large cloven feet. [demonic
                  | ancestry]
   417 | D:1      | Reached XP level 2. HP: 21/21 MP: 2/2
   590 | D:2      | Gained mutation: You are partially covered in sharp spines.
                  | [demonic ancestry]
   590 | D:2      | Reached XP level 3. HP: 22/26 MP: 3/3
   819 | D:2      | Found Qeiggaak's Armour Boutique.
  1467 | D:3      | Gained mutation: You are mostly covered in sharp spines.
                  | [demonic ancestry]
  1467 | D:3      | Reached XP level 4. HP: 30/33 MP: 4/4
  2287 | D:4      | Found Qieticae's Assorted Antiques.
  2313 | D:4      | Bought a sedimented inky potion for 25 gold pieces
  2313 | D:4      | Bought a bubbling blue potion for 25 gold pieces
  2313 | D:4      | Bought a scroll labelled UGAICA REIPA for 28 gold pieces
  2313 | D:4      | Bought a scroll labelled LYZXOI GIDYXENK for 28 gold pieces
  2313 | D:4      | Bought a scroll labelled ABRUAV FARO for 28 gold pieces
  2329 | D:4      | Found a staircase to the Ecumenical Temple.
  2338 | Temple   | Entered the Ecumenical Temple
  2429 | Temple   | Became a worshipper of Warmaster Okawaru
  2519 | D:4      | Reached XP level 5. HP: 37/39 MP: 5/5
  2550 | D:4      | Bought a wand of flame (26) for 28 gold pieces
  2715 | D:4      | Found a runed translucent gate.
  2715 | D:4      | Found a runed translucent gate.
  2717 | D:4      | Found a runed translucent gate.
  2717 | D:4      | Noticed ytrimaz's ghost (amateur DESu)
  2932 | D:4      | Found a shimmering blue altar of Sif Muna.
  3002 | D:4      | Noticed a lemure
  3003 | D:4      | Noticed a lemure
  3015 | D:4      | Noticed Pikel
  3019 | D:4      | Killed a lemure
  3020 | D:4      | Noticed a lemure
  3024 | D:4      | Noticed a lemure
  3025 | D:4      | Killed Pikel
  3025 | D:4      | Reached * piety under Okawaru
  3026 | D:4      | Reached XP level 6. HP: 38/48 MP: 6/6
  3026 | D:4      | Gained mutation: You are partially covered in rugged brown
                  | scales. (AC +1, +3% HP) [demonic ancestry]
  3026 | D:4      | Reached XP level 7. HP: 38/54 MP: 7/7
  3400 | D:5      | Entered Level 5 of the Dungeon
  3403 | D:5      | Reached ** piety under Okawaru
  3417 | D:5      | Found Uckox Iko's Jewellery Shop.
  3435 | D:5      | Reached skill level 5 in Evocations
  3511 | D:5      | Found Dugep's Magic Scroll Shop.
  3541 | D:5      | Reached XP level 8. HP: 58/62 MP: 8/8
  3610 | D:5      | Reached skill level 1 in Invocations
  3614 | D:5      | Found Hioloyt's Jewellery Boutique.
  3739 | D:5      | Reached skill level 1 in Long Blades
  3774 | D:5      | Found a broken altar of Ashenzari.
  3809 | D:5      | Noticed Sigmund
  3813 | D:5      | Killed Sigmund
  3813 | D:5      | Reached *** piety under Okawaru
  3814 | D:5      | Reached skill level 3 in Long Blades
  3815 | D:5      | Found a snail-covered altar of Cheibriados.
  4005 | D:5      | Noticed Ijyb
  4014 | D:5      | Killed Ijyb
  4114 | D:5      | Bought a scroll of fear for 52 gold pieces
  4249 | D:6      | Found a radiant altar of Vehumet.
  4330 | D:6      | Reached skill level 4 in Long Blades
  4516 | D:6      | Reached skill level 5 in Long Blades
  4709 | D:6      | Found a large runed translucent door.
  4709 | D:6      | Noticed an ironbound preserver
  4709 | D:6      | Noticed siradein's ghost (novice MfTm)
  4710 | D:6      | Noticed a vault warden
  4710 | D:6      | Found a large runed translucent door.
  4710 | D:6      | Noticed a vault guard
  4877 | D:7      | Reached **** piety under Okawaru
  4878 | D:7      | Gained mutation: You have hoof-like feet. [demonic
                  | ancestry]
  4878 | D:7      | Reached XP level 9. HP: 67/67 MP: 10/10
  4890 | D:7      | Reached skill level 6 in Long Blades
  5033 | D:7      | Found a shimmering altar of Xom.
  5104 | D:7      | Found a basalt altar of Yredelemnul.
  5174 | D:7      | Noticed a two-headed ogre
  5177 | D:7      | Killed a two-headed ogre
  5178 | D:7      | Reached skill level 7 in Long Blades
  5493 | D:7      | Found Ontuso's Overcharged Wands.
  5537 | D:7      | Reached skill level 8 in Long Blades
  5709 | D:7      | Found an ancient bone altar of Kikubaaqudgha.
  5709 | D:7      | Found a blossoming altar of Fedhas.
  5770 | D:7      | Found a stormy altar of Qazlal.
  6449 | D:8      | Reached ***** piety under Okawaru
  6784 | D:8      | Reached skill level 9 in Long Blades
  7431 | D:8      | Found a sacrificial altar of Ru.
  7431 | D:8      | Noticed Joseph
  7440 | D:8      | Killed Joseph
  7799 | D:9      | Gained mutation: You are mostly covered in rugged brown
                  | scales. (AC +2, +5% HP) [demonic ancestry]
  7799 | D:9      | Reached XP level 10. HP: 61/76 MP: 11/11
  7807 | D:9      | Received a gift from Okawaru
  7808 | D:9      | Reached skill level 10 in Long Blades
  8142 | D:9      | Reached skill level 5 in Fighting
  8249 | D:9      | Reached skill level 5 in Armour
  8441 | D:9      | Noticed a two-headed ogre
  8450 | D:9      | Killed a two-headed ogre
  8450 | D:9      | Identified the +2 scale mail "Imytrost" {rPois Dex+2}
                  | (Okawaru gifted it to you on level 9 of the Dungeon)
  8450 | D:9      | Received a gift from Okawaru
  8577 | D:9      | Reached skill level 5 in Dodging
  8798 | D:9      | Found a staircase to the Lair.
  8976 | D:9      | Found a shadowy altar of Dithmenos.
  9098 | D:10     | Entered Level 10 of the Dungeon
  9136 | D:10     | Noticed a two-headed ogre
  9143 | D:10     | Killed a two-headed ogre
  9176 | D:10     | Gained mutation: You are completely covered in sharp
                  | spines. [demonic ancestry]
  9176 | D:10     | Reached XP level 11. HP: 37/85 MP: 14/14
  9221 | D:10     | Noticed a two-headed ogre
  9231 | D:10     | Killed a two-headed ogre
  9232 | D:10     | Reached skill level 11 in Long Blades
  9581 | D:11     | Reached skill level 5 in Invocations
  9612 | D:11     | Noticed Atlas's ghost (journeyman DgEE)
  9614 | D:11     | Found a transporter.
  9619 | D:11     | Found a transporter.
  9662 | D:11     | Found Mosaex's Antique Armour Boutique.
  9740 | D:11     | Found Qibat's Book Shop.
  9934 | D:11     | Noticed Urug
  9956 | D:11     | Killed Urug
 10216 | D:11     | Found Borchav's Assorted Antiques.
 10229 | D:11     | Identified the +1 falchion of the Heavens {speed, rN+}
                  | (Okawaru gifted it to you on level 11 of the Dungeon)
 10229 | D:11     | Received a gift from Okawaru
 10293 | D:11     | Noticed a two-headed ogre
 10302 | D:11     | Killed a two-headed ogre
 10454 | D:11     | Found Agugruro's Distillery.
 11313 | D:12     | Noticed Frances
 11316 | D:12     | Noticed a boulder beetle
 11746 | D:10     | Noticed a two-headed ogre
 11750 | D:10     | Killed a two-headed ogre
 11791 | D:10     | Found a sparkling altar of Nemelex Xobeh.
 11823 | D:10     | Noticed an eight-headed hydra
 11842 | Lair:1   | Entered Level 1 of the Lair of Beasts
 11868 | Lair:1   | Reached XP level 12. HP: 93/93 MP: 16/16
 11874 | Lair:1   | Identified the +2 pair of gloves of Somewhere Else {Dex+9}
                  | (Okawaru gifted it to you on level 1 of the Lair of Beasts)
 11874 | Lair:1   | Received a gift from Okawaru
 11914 | Lair:1   | Identified the +1 leather armour "Winludeo" {+Blink Int+2
                  | Dex+2}
 11983 | Lair:1   | Reached skill level 12 in Long Blades
 12082 | Lair:1   | Noticed Sonja
 12091 | Lair:1   | Killed Sonja
 12208 | Lair:1   | Noticed Nergalle
 12225 | Lair:1   | Killed Nergalle
 13590 | D:5      | Bought the ring of Doubts {*Slow rF+++ Dex+6 SInv Stlth+}
                  | for 668 gold pieces
 14315 | Lair:3   | Found a dark tunnel.
 14324 | Volcano  | Entered a volcano
 14366 | Volcano  | Slain by an earth elemental

Illustrated notes

Levels and vault maps discovered:
D:1:      lightli_arrival_lavapool, layout_loops_ring, serial_shops, shop,
          dk_noncrumbling_3
D:2:      layout_loops_ring, serial_shops, nicolae_shop_statue_plus
D:3:      layout_basic
D:4:      ebering_ghost_rock_garden, layout_loops_ring, led_sif_pool,
          minmay_temple_entry_sparse_star, serial_shops, nicolae_diamond_shop,
          uniq_pikel
D:5:      layout_basic, slow_altar_2, gammafunk_temple_overflow_wave,
          serial_shops, shop_fountains, nicolae_take_the_stairs,
          nicolae_inconvenience_store, uniq_ijyb, uniq_sigmund
D:6:      layout_rooms, mainiacjoe_overflow_paths, advil_vaults_ghost_guards
D:7:      layout_layer_cave, grunt_temple_overflow_growth_and_decay,
          marbit_many_paths, yredelemnul_altar_generic,
          nicolae_qazlal_eye_of_the_storm, eino_curves_04, grunt_decor_cap,
          kennysheep_cross_room, nicolae_shop_overcharged_wands
D:8:      layout_basic, mainiacjoe_overflow_alcove_2, uniq_joseph
D:9:      layout_irregular_city, mainiacjoe_overflow_chevrons,
          grunt_lair_entry_orc_guard_hut
D:10:     layout_basic, old_standard_altar, david_orc_4, special_room
          [special_room_bee], item_on_display_b
D:11:     layout_long_grid, gammafunk_ghost_hive, serial_shops,
          nicolae_shop_overgrown_old_shop, shop, shop, shop, uniq_urug
D:12:     layout_roguey, einodemon_armed_red_devil_minivault, uniq_frances,
          uniq_rupert
Temple:   dpeg_three_leaves_temple
Lair:1:   layout_chaotic_city, uniq_sonja, uniq_nergalle
Lair:2:   layout_cave_pods
Lair:3:   layout_regular_city, swamp_mist, minmay_snake_entry_six_corridors,
          enter_volcano_1
Volcano:  volcano_aerie

Skill      XL: |  1  2  3  4  5  6  7  8  9 10 11 12 |
---------------+-------------------------------------+-----
Dodging        | 1 2 3 4 5 6 |  6.9
Armour         | 2 3 4 5 6 7 |  7.1
Fighting       | 2 3 4 5 6 7 |  7.4
Evocations     | 4 5 6 7 8 |  8.1
Invocations    | 1 4 6 7 |  7.5
Long Blades    | 5 9 10 11 12 | 12.4
Stealth        | |  0.8

Action                   |  1- 3 |  4- 6 |  7- 9 | 10-12 || total
-------------------------+-------+-------+-------+-------++-------
Melee: Rapier            |    23 |    44 |   104 |       ||   171
       Kick              |     9 |    12 |    62 |   146 ||   229
       Scimitar          |       |       |    75 |     5 ||    80
       Great sword       |       |       |       |   349 ||   349
Throw: Stone             |    40 |    43 |     3 |    12 ||    98
Invok: Heroism           |       |       |     2 |    10 ||    12
       Finesse           |       |       |       |     2 ||     2
Evoke: Wand              |    15 |    15 |    19 |     7 ||    56
       Piece from Xom's  |       |       |       |     8 ||     8
  Use: Scroll            |       |    11 |     6 |     6 ||    23
       Potion            |       |       |       |     2 ||     2
 Stab: Petrified         |       |       |       |     1 ||     1
       Paralysed         |       |       |       |     3 ||     3
Armor: Ring mail         |     6 |       |       |       ||     6
       Chain mail        |     5 |    25 |    80 |    40 ||   150
       Scale mail        |       |       |       |   126 ||   126
Dodge: Dodged            |     7 |    16 |    61 |   186 ||   270

Table legend: (Time is in decaauts)
 A = Elapsed time spent in this place.
 B = Non-inter-level travel time spent in this place.
 C = Inter-level travel time spent in this place.
 D = Time resting spent in this place.
 E = Time spent auto-exploring this place.
 F = Levels seen in this place.
 G = Mean time per level.
                   A        B        C        D        E       F      G
               +--------+--------+--------+--------+--------+-----+--------+
         Total |  14426 |  13734 |    692 |    635 |  10867 |  17 |  848.6 |
       Dungeon |  11944 |  11424 |    520 |    635 |   8951 |  12 |  995.3 |
        Temple |    103 |     92 |     11 |      0 |     58 |   1 |  103.0 |
          Lair |   2334 |   2173 |    161 |      0 |   1855 |   3 |  778.0 |
       Volcano |     43 |     43 |      0 |      0 |      3 |   1 |   43.0 |
               +--------+--------+--------+--------+--------+-----+--------+

Top non-repeatable levels by time:
     D:8: 1647 daAuts
     D:7: 1512 daAuts
    D:11: 1509 daAuts
     D:9: 1275 daAuts
  Lair:2: 1198 daAuts
  Lair:1: 1084 daAuts
     D:4: 1082 daAuts
     D:3: 978 daAuts
    D:12: 838 daAuts
     D:5: 796 daAuts
     D:2: 671 daAuts
     D:6: 654 daAuts
     D:1: 584 daAuts
    D:10: 393 daAuts
  Temple: 103 daAuts
